 Dungeon Crawl Stone Soup version 0.28-a0-1212-gc6b4282bc0 (webtiles) character file.

Game seed: 9504093593533720457

195 Fortus the Chopper (level 6, 0/47 HPs)
             Began as a Formicid Fighter on Dec 21, 2021.
             Slain by Grinder (1 damage)
             ... on level 4 of the Dungeon.
             The game lasted 00:06:41 (3158 turns).

Fortus the Chopper (Formicid Fighter)               Turns: 3158, Time: 00:06:42

Health: 0/47       AC: 10    Str: 23    XL:     6   Next: 4%
Magic:  6/6        EV:  8    Int:  7    God:
Gold:   200        SH:  9    Dex: 10    Spells: 5/5 levels left

rFire   . . .      SeeInvis +   a - +0 war axe
rCold   . . .      Faith    .   c - +0 buckler
rNeg    . . .      Spirit   .   q - +0 chain mail
rPois   .          Reflect  +   (helmet unavailable)
rElec   .          Harm     .   i - +0 cloak
rCorr   .          Rampage  .   (no gloves)
Will    .....                   (no boots)
Stlth   ..........              l - amulet of reflection
HPRegen 0.15/turn               t - ring of flight
MPRegen 0.10/turn               (no ring)

@: mighty, flying
A: permanent stasis, dig shafts and tunnels, antennae 3, four strong arms
a: Dig, Shaft Self


You were on level 4 of the Dungeon.
You visited 1 branch of the dungeon, and saw 4 of its levels.

You collected 200 gold pieces.

Inventory:

Hand Weapons
 a - a +0 war axe (weapon)
Missiles
 p - 6 datura-tipped darts
Armour
 b - a +0 scale mail
 c - a +0 buckler (worn)
 i - a +0 cloak (worn)
 o - a +0 plate armour
 q - a +0 chain mail (worn)
Jewellery
 l - an amulet of reflection (around neck)
 m - an amulet of faith
 s - an amulet of magic regeneration
 t - a ring of flight (left hand)
Scrolls
 e - 2 scrolls of immolation {unknown}
 f - 2 scrolls of magic mapping {unknown}
 g - 3 scrolls of identify {unknown}
 h - a scroll of blinking {unknown}
 j - a scroll of enchant weapon {unknown}
 k - a scroll of fear {unknown}
 u - a scroll of silence {unknown}
Potions
 n - a potion of heal wounds {unknown}
 r - a potion of curing {unknown}


   Skills:
 - Level 3.2 Fighting
 * Level 5.6 Axes
 + Level 3.6 Armour
 - Level 3.6 Shields


You had 5 spell levels left.
You didn't know any spells.
Your spell library contained the following spells:

 Spells                   Type           Power      Damage    Failure   Level
 Shock                    Conj/Air       0%         1d3       98%         1
 Airstrike                Air            0%         N/A       100%        4
 Swiftness                Air            Unusable   N/A       N/A         3

Dungeon Overview and Level Annotations

Branches:
Dungeon (4/15)
 Temple: D:4-7

Altars:

Annotations:
D:4 Grinder


Innate Abilities, Weirdness & Mutations

You cannot be hasted, slowed, berserked, paralysed or teleported.
You can dig through walls and to a lower floor.
You have a pair of large antennae on your head. (SInv)
Your four strong arms can wield two-handed weapons with a shield.


Message History

The iguana is severely wounded.
You hit the goblin.
You kill the goblin!
The iguana bites you but does no damage.
You block the iguana's attack.
You closely miss the iguana.
The iguana is severely wounded.
A giant cockroach comes into view.
You block the iguana's attack.
You barely miss the iguana.
The iguana is severely wounded.
You block the iguana's attack.
You barely miss the iguana.
The iguana is severely wounded.
The iguana barely misses you.
You barely miss the iguana.
The iguana is severely wounded.
You barely miss the giant cockroach.
The giant cockroach bites you but does no damage.
You block the iguana's attack. The giant cockroach barely misses you.
The iguana bites you.
You slash the iguana!
You kill the iguana!
You closely miss the giant cockroach.
The giant cockroach bites you but does no damage.
A worm comes into view.
You have reached level 6!
You feel very mighty all of a sudden.
The giant cockroach bites you but does no damage.
Grinder hits you.
You writhe in agony.
The giant cockroach closely misses you.
You slash Grinder!
Grinder is moderately wounded.
You hit the giant cockroach. Grinder gestures at you.
Pain shoots through your body!
* * * LOW HITPOINT WARNING * * *
The giant cockroach closely misses you. Grinder hits you.
* * * LOW HITPOINT WARNING * * *
You writhe in agony.
You die...

# ###. ##. ###
...##.##:.
#..#...#.#
..#...#=##w#
#.#.##..##@5#
#.#.##..#)#B#
#.#.##..#.#.#
#.#.##....#.#
#.#.##....##.#
#.#.##.......#
#.#............
#......########
#.#######....<#


You could see Grinder, a worm and a giant cockroach.

Vanquished Creatures
  An iguana (D:4)
  Terence (D:2)
  Robin (D:2)
  5 adders
  2 worms
  A dart slug (D:2)
  2 orcs (D:3)
  2 ball pythons (D:2)
  5 endoplasms
  18 goblins
  6 hobgoblins
  7 jackals
  7 kobolds
  A quokka (D:3)
  5 bats
  4 frilled lizards
  5 rats
73 creatures vanquished.

Notes
Turn   | Place    | Note
-------+----------+-------------------------------------------
     0 | D:1      | Fortus the Formicid Fighter began the quest for the Orb.
     0 | D:1      | Reached XP level 1. HP: 18/18 MP: 1/1
   299 | D:1      | Reached XP level 2. HP: 24/24 MP: 2/2
   462 | D:1      | Reached skill level 3 in Axes
   599 | D:1      | Reached XP level 3. HP: 25/29 MP: 3/3
  1197 | D:2      | Noticed Robin
  1351 | D:2      | Reached skill level 4 in Axes
  1351 | D:2      | Reached XP level 4. HP: 33/35 MP: 4/4
  1582 | D:2      | Noticed Terence
  1604 | D:2      | Killed Terence
  1700 | D:2      | Reached XP level 5. HP: 41/41 MP: 5/5
  1986 | D:2      | Killed Robin
  1987 | D:2      | Reached skill level 5 in Axes
  2448 | D:3      | Noticed an ogre
  2497 | D:3      | Found a faded altar of an unknown god.
  3148 | D:4      | Noticed Grinder
  3157 | D:4      | Reached XP level 6. HP: 21/47 MP: 6/6
  3158 | D:4      | HP: 1/47 [Grinder (2)]
  3158 | D:4      | Slain by Grinder

Illustrated notes

Levels and vault maps discovered:
D:1:      heliophobic_arrival_dark_side_of_the_moon, layout_loops_ring,
          minmay_misc_feat_tiny, minmay_pentomino_z2
D:2:      layout_basic, serial_curves, eino_curves_04, eino_curves_02,
          uniq_robin, uniq_terence
D:3:      layout_loops_ring, basic_ecumenical_altar
D:4:      layout_basic, minmay_pentomino_pile, uniq_grinder

Skill      XL: |  1  2  3  4  5 |
---------------+----------------+-----
Axes           | 3 4 5 |  5.6
Fighting       | |  3.2
Armour         | |  3.6
Shields        | |  3.6

Action                   |  1- 3 |  4- 6 || total
-------------------------+-------+-------++-------
Melee: War axe           |   113 |   126 ||   239
 Abil: Dig               |     3 |     6 ||     9
  Use: Potion            |       |     1 ||     1
Armor: Scale mail        |    60 |    27 ||    87
       Chain mail        |       |    25 ||    25
Dodge: Dodged            |    42 |    38 ||    80
Block: Buckler           |    22 |    58 ||    80

Table legend: (Time is in decaauts)
 A = Elapsed time spent in this place.
 B = Non-inter-level travel time spent in this place.
 C = Inter-level travel time spent in this place.
 D = Time resting spent in this place.
 E = Time spent auto-exploring this place.
 F = Levels seen in this place.
 G = Mean time per level.
                   A        B        C        D        E       F      G
               +--------+--------+--------+--------+--------+-----+--------+
         Total |   3231 |   2913 |    318 |    203 |   2058 |   4 |  807.8 |
       Dungeon |   3231 |   2913 |    318 |    203 |   2058 |   4 |  807.8 |
               +--------+--------+--------+--------+--------+-----+--------+

Top non-repeatable levels by time:
     D:2: 1370 daAuts
     D:1: 1070 daAuts
     D:3: 644 daAuts
     D:4: 146 daAuts
